 Dungeon Crawl Stone Soup version 0.30-a0-782-ge64f9170bb (webtiles) character file.

Game seed: 6490331188398354683

7720 112233 the Thaumaturge (level 11, -4/64 HPs)
             Began as a Deep Elf Summoner on Feb 26, 2023.
             Was an Elder of Sif Muna.
             Slain by a worldbinder (5 damage)
             ... on level 2 of the Abyss.
             The game lasted 00:18:54 (11582 turns).

112233 the Thaumaturge (Deep Elf Summoner)         Turns: 11582, Time: 00:18:55

Health: -4/64      AC:  4    Str:  5    XL:     11   Next: 0%
Magic:  13/29      EV: 21    Int: 25    God:    Sif Muna [****..]
Gold:   1492       SH:  0    Dex: 15    Spells: 17/35 levels left

rFire   . . .      SeeInvis .    f - staff of air
rCold   . . .      Faith    +    (no shield)
rNeg    . . .      Spirit   .    a - +0 robe
rPois   .          Reflect  .    t - +0 helmet
rElec   +          Harm     .    l - +0 cloak
rCorr   .          Rampage  .    (no gloves)
Will    +....                    (no boots)
Stlth   ++                       n - amulet of faith
HPRegen 0.30/turn                c - +5 ring of evasion
MPRegen 0.21/turn                e - ring of wizardry

@: no status effects
A: no striking features
a: Renounce Religion, Channel Magic, Forget Spell, Divine Exegesis


You were on level 2 of the Abyss.
You worshipped Sif Muna.
Sif Muna was greatly pleased with you.
You visited 2 branches of the dungeon, and saw 11 of its levels.
You visited the Abyss 1 time.
You also visited: Bailey.

You collected 1492 gold pieces.

Inventory:

Armour
 a - a +0 robe (worn)
 l - a +0 cloak (worn)
 t - a +0 helmet (worn)
 x - a +0 pair of gloves
Magical Staves
 f - a staff of air (weapon)
Jewellery
 c - a +5 ring of evasion (left hand)
 d - a +6 ring of strength
 e - a ring of wizardry (right hand)
 n - an amulet of faith (around neck)
 F - a +4 ring of protection
Wands
 h - a wand of polymorph (10)
 y - a wand of charming (10)
 C - a wand of digging (9)
 D - a wand of iceblast (7)
 L - a wand of flame (13)
Scrolls
 g - 3 scrolls of magic mapping
 i - a scroll of enchant armour
 k - 7 scrolls of teleportation
 r - 2 scrolls of fear
 s - 3 scrolls of immolation
 w - a scroll of enchant weapon
 z - a scroll of silence
 B - a scroll of fog
 M - a scroll of identify
 N - a scroll of vulnerability {unknown}
Potions
 b - 3 potions of magic
 j - a potion of brilliance {unknown}
 m - 4 potions of curing
 o - a potion of flight {unknown}
 p - 4 potions of cancellation
 q - 3 potions of resistance {unknown}
 u - a potion of ambrosia {unknown}
 v - 3 potions of attraction
 A - a potion of lignification {unknown}
 E - 2 potions of degeneration
 G - a potion of heal wounds {unknown}
 I - 3 potions of mutation {unknown}
 J - 4 potions of might {unknown}
 K - 2 potions of invisibility {unknown}
Miscellaneous
 H - a tin of tremorstones (2/2)


   Skills:
 + Level 6.2 Fighting
 + Level 3.6 Staves
 + Level 8.4 Dodging
 - Level 2.5 Stealth
 * Level 12.8 Spellcasting
 + Level 9.3 Summonings
 - Level 4.5 Air Magic


You had 17 spell levels left.
You knew the following spells:

 Your Spells              Type           Power      Damage    Failure   Level
a - Summon Small Mammal   Summ           100%       N/A       1%          1
b - Call Imp              Summ           58%        N/A       1%          2
c - Call Canine Familiar  Summ           58%        N/A       1%          3
d - Summon Guardian Gole  Hex/Summ       39%        N/A       1%          3
e - Summon Lightning Spi  Summ/Air       66%        N/A       1%          4
f - Summon Mana Viper     Hex/Summ       39%        N/A       6%          5

Your spell library contained the following spells:

 Spells                   Type           Power      Damage    Failure   Level
 Static Discharge         Conj/Air       82%        2-6/arc   1%          2
 Vhi's Electric Charge    Tloc/Air       82%        N/A       1%          3
 Sublimation of Blood     Necr           16%        N/A       2%          2
 Wereblood                Tmut           16%        N/A       2%          2
 Anguish                  Hex/Necr       8%         N/A       16%         4
 Arcjolt                  Conj/Air       20%        1d30      16%         5
 Lightning Bolt           Conj/Air       20%        1d35      16%         5
 Monstrous Menagerie      Summ           29%        N/A       26%         7
 Summon Hydra             Summ           29%        N/A       26%         7
 Malign Gateway           Summ/Tloc      19%        N/A       86%         7
 Enfeeble                 Hex            8%         N/A       100%        7


Dungeon Overview and Level Annotations

Branches:
Dungeon (10/15)            Temple (1/1) D:4            Lair (0/5) D:10
    Orc (0/2) D:10         Bailey (visited)

Altars:
Ashenzari
Cheibriados
Dithmenos
Elyvilon
Fedhas
Gozag
Hepliaklqana
Kikubaaqudgha
Makhleb
Okawaru
Qazlal
Ru
Sif Muna
Uskayaw
Vehumet
Wu Jian
Xom
Yredelemnul
Zin
The Shining One

Shops:
D:10 (

Annotations:
D:5 exclusion: 2 downstairs


Message History

The worldbinder closely misses your warg.
The worldbinder hits your warg but does no damage.
The Executioner hits your warg. The Executioner hits your warg!
The Executioner hits your warg.
Your warg is engulfed in blazing flames.
Your warg barely misses the worldbinder.
A white imp comes into view.
The worldbinder hits your warg. x2
Your warg dies!
Your warg's corpse disappears in a puff of smoke!
Unknown command.
Unknown command.
Casting: Summon Lightning Spire (dangerous; 1% risk of failure)
Confirm with . or Enter, or press ? or * to list all spells.
The deep elf zephyrmancer casts a spell.
The deep elf zephyrmancer blinks!
The Executioner hits you!
The Executioner hits you but does no damage. x2
The deep elf knight gestures wildly while chanting.
The deep elf knight seems to speed up.
Unknown command.
Okay, then.
Okay, then.
As you read the scroll of fear, it crumbles to dust.
You assume a fearsome visage.
The Executioner resists with some effort.
The worldbinder is unaffected.
The white imp looks frightened!
The deep elf knight resists with almost no effort.
The deep elf pyromancer looks frightened!
The Executioner closely misses you. The Executioner hits you. x2
Your warg bites the Executioner.
The Executioner hits you! The Executioner closely misses you.
The Executioner hits you.
Unknown command.
You swap places.
The worldbinder hits you but does no damage.
The worldbinder completely misses you. The Executioner hits you!!
* * * LOW HITPOINT WARNING * * *
The Executioner misses you. The Executioner hits you.
* * * LOW HITPOINT WARNING * * *
Your warg bites the Executioner.
The worldbinder hits you.
You die...

## ~....... .. #
#. ~...... . ... .
. #. .. .#. ..# ..
##...##.. ..#
..≈#..##..# #.5#
..~...#8..##..###
. ~ ..#@x.ee..#.#_
..≈._.#h1.#.......
..≈#..#..#..# #.#.
##..###.##..
#.##.#.#. .## ###
.# # . # # .#. #
### # #


You could see an Executioner (ally target), a deep elf knight (summoned, fast),
a deep elf pyromancer (summoned, fleeing), a worldbinder, a friendly warg
(summoned) and a friendly lightning spire (summoned).

Vanquished Creatures
  An orc warrior (D:5)
  A jelly (D:3)
  A hound (D:5)
  2 adders
  A dart slug (D:4)
  A ball python (D:3)
  2 endoplasms
  A giant cockroach (D:3)
  A goblin (D:3)
  A bat (D:3)
  A kobold (D:2)
13 creatures vanquished.

Vanquished Creatures (collateral kills)
  A tentacled starspawn (Abyss:2)
  Erolcha (D:9)
  A troll (D:9)
  Prince Ribbit (D:7)
  Grinder (D:3)
  A shadow (D:10)
  A wyvern (D:8)
  4 yaks (D:10)
  3 water moccasins
  Edmund (D:6)
  An ice beast (D:6)
  A black bear (D:4)
  2 sky beasts
  2 orc warriors
  2 centaurs
  A kobold brigand (D:9)
  5 bullfrogs
  A scorpion (D:4)
  3 wights (D:6)
  9 killer bees
  3 orc priests
  A jelly (D:5)
  2 gnoll boudas (D:6)
  4 hounds
  Ijyb (D:4)
  4 iguanas
  10 orc wizards
  20 gnolls
  4 adders
  A shadow imp (D:6)
  A white imp (D:6)
  An ufetubus (D:5)
  2 dart slugs
  42 orcs
  5 endoplasms
  4 giant cockroaches
  8 goblins
  11 hobgoblins
  4 jackals (D:3)
  A quokka (D:2)
  5 ball pythons
  3 bats
  2 frilled lizards
  7 kobolds
  5 rats (D:1)
  2 starspawn tentacles (Abyss:2)
195 creatures vanquished.

Vanquished Creatures (others)
  An orc knight (Bailey)
  A troll (D:8)
  A yak (D:10)
  2 orc warriors
  A scorpion (D:5)
  A bullfrog (D:6)
  2 iguanas
  An orc wizard (D:4)
  An orc (D:6)
  36 plants (D:10)
  A starspawn tentacle (Abyss:2)
48 creatures vanquished.

Grand Total: 256 creatures vanquished

Notes
Turn   | Place    | Note
-------+----------+-------------------------------------------
     0 | D:1      | 112233 the Deep Elf Summoner began the quest for the Orb.
     0 | D:1      | Reached XP level 1. HP: 10/10 MP: 6/6
   268 | D:1      | Found a faded altar of an unknown god.
   608 | D:1      | Reached XP level 2. HP: 15/15 MP: 5/8
   611 | D:1      | Learned a level 2 spell: Call Imp
  1731 | D:2      | You fall into a shaft and drop 1 floor!
  1742 | D:3      | Reached skill level 1 in Fighting
  1795 | D:3      | Reached XP level 3. HP: 20/20 MP: 6/10
  1809 | D:3      | Reached XP level 4. HP: 25/27 MP: 4/11
  2093 | D:3      | Learned a level 3 spell: Call Canine Familiar
  2952 | D:3      | Reached skill level 4 in Spellcasting
  3012 | D:3      | Noticed a water moccasin
  3022 | D:3      | Killed a water moccasin
  3023 | D:3      | Reached XP level 5. HP: 27/32 MP: 4/14
  3168 | D:3      | Noticed Grinder
  3193 | D:3      | Killed Grinder
  3194 | D:3      | Reached skill level 5 in Spellcasting
  3194 | D:3      | Reached skill level 5 in Summonings
  3194 | D:3      | Reached XP level 6. HP: 31/37 MP: 4/16
  3675 | D:4      | Learned a level 3 spell: Summon Guardian Golem
  3742 | D:4      | Reached skill level 6 in Spellcasting
  3924 | D:4      | Reached XP level 7. HP: 41/41 MP: 13/18
  4167 | D:4      | Reached skill level 7 in Spellcasting
  4378 | D:4      | Found a staircase to the Ecumenical Temple.
  4458 | D:4      | Noticed Ijyb
  4495 | Temple   | Entered the Ecumenical Temple
  4502 | Temple   | Became a worshipper of Sif Muna the Loreminder
  4558 | D:4      | Killed Ijyb
  4629 | D:4      | Learned a level 4 spell: Summon Lightning Spire
  4795 | D:5      | Entered Level 5 of the Dungeon
  5000 | D:5      | Noticed a shadow
  5007 | D:5      | Found a shadowy altar of Dithmenos.
  5008 | D:5      | Found a hazy altar of Hepliaklqana.
  5188 | D:5      | Reached skill level 5 in Dodging
  5198 | D:5      | Reached * piety under Sif Muna
  5337 | D:5      | Reached XP level 8. HP: 43/48 MP: 10/21
  5356 | D:5      | Reached skill level 8 in Spellcasting
  6107 | D:6      | Reached skill level 1 in Air Magic
  6376 | D:6      | Noticed Edmund
  6584 | D:5      | Reached skill level 9 in Spellcasting
  6983 | D:6      | Reached ** piety under Sif Muna
  6996 | D:6      | Reached XP level 9. HP: 52/52 MP: 5/24
  7487 | D:6      | Killed Edmund
  7604 | D:6      | Reached skill level 10 in Spellcasting
  7970 | D:7      | Noticed Prince Ribbit
  7985 | D:7      | Killed Prince Ribbit
  7986 | D:7      | Reached skill level 5 in Fighting
  8055 | D:7      | Identified 3 scrolls of acquirement
  8067 | D:7      | Acquired Jamp's Omnibus of Portals and Beckoning
  8068 | D:7      | Acquired 868 gold pieces
  8069 | D:7      | Acquired a staff of air
  8348 | D:7      | Found a white marble altar of Elyvilon.
  8348 | D:7      | Found a broken altar of Ashenzari.
  8350 | D:7      | Found a hide-covered altar of Uskayaw.
  8457 | D:7      | Found a basalt altar of Yredelemnul.
  8461 | D:7      | Found a glowing silver altar of Zin.
  8465 | D:7      | Found an ancient bone altar of Kikubaaqudgha.
  8465 | D:7      | Found a burning altar of Makhleb.
  8465 | D:7      | Found an iron altar of Okawaru.
  8465 | D:7      | Found an ornate altar of the Wu Jian Council.
  8467 | D:7      | Found a blossoming altar of Fedhas.
  8708 | D:8      | Noticed a troll
  8719 | D:8      | Killed a troll
  8720 | D:8      | Reached skill level 1 in Staves
  8720 | D:8      | Reached skill level 11 in Spellcasting
  8890 | D:8      | Reached XP level 10. HP: 56/59 MP: 18/27
  9426 | D:9      | Reached *** piety under Sif Muna
  9434 | D:9      | Noticed Erolcha
  9443 | D:9      | Killed Erolcha
 10042 | D:9      | Found a radiant altar of Vehumet.
 10361 | D:10     | Entered Level 10 of the Dungeon
 10451 | D:10     | Found a flagged portal.
 10480 | Bailey   | Entered a bailey
 10767 | Bailey   | Reached **** piety under Sif Muna
 10872 | Bailey   | Noticed an orc knight
 10896 | Bailey   | Killed an orc knight
 10897 | Bailey   | Reached skill level 12 in Spellcasting
 11140 | D:10     | Learned a level 5 spell: Summon Mana Viper
 11183 | D:10     | Found a sacrificial altar of Ru.
 11449 | D:10     | Found Meha's Weapon Boutique.
 11486 | D:10     | Noticed a wizard
 11503 | Abyss:2  | Cast into level 2 of the Abyss (a wizard)
 11539 | Abyss:2  | Noticed a tentacled starspawn
 11551 | Abyss:2  | Killed a tentacled starspawn
 11552 | Abyss:2  | Reached XP level 11. HP: 59/64 MP: 17/29
 11557 | Abyss:2  | Found a corrupted altar of Lugonu.
 11569 | Abyss:2  | Found a corrupted altar of Lugonu.
 11569 | Abyss:2  | Found a corrupted altar of Lugonu.
 11570 | Abyss:2  | Found a corrupted altar of Lugonu.
 11577 | Abyss:2  | Noticed a deep elf pyromancer
 11577 | Abyss:2  | Noticed an Executioner
 11577 | Abyss:2  | Noticed a deep elf zephyrmancer
 11578 | Abyss:2  | Noticed a deep elf knight
 11582 | Abyss:2  | HP: 3/64 [Executioner (26)]
 11582 | Abyss:2  | HP: 1/64 [Executioner (2)]
 11582 | Abyss:2  | Slain by a worldbinder

Illustrated notes

Levels and vault maps discovered:
D:1:      tarquinn_simple_flora_water_a, layout_basic,
          shapermc_ecumenical_altar_flowoftime, moated_statue
D:2:      layout_basic, kennysheep_another_room
D:3:      layout_basic, minmay_fractal_squares_5, uniq_grinder
D:4:      layout_basic, minmay_temple_entry_glassed_door, uniq_ijyb
D:5:      layout_basic, riverfiend_overflow_shadow_ancestor, st_stairs_8
D:6:      layout_basic, minmay_bent, uniq_edmund
D:7:      layout_rooms, minitemple, nicolae_overflow_hidden_temple,
          uniq_prince_ribbit1
D:8:      layout_basic
D:9:      layout_big_octagon, nicolae_overflow_crystal_walls,
          kennysheep_doodads, uniq_erolcha
D:10:     minmay_shrinking_squares, layout_loops_corners,
          nicolae_ru_great_annihilating_truth, david_lair_shrubbed,
          kennysheep_orc_monster_closet_entryway, enter_bailey_3, serial_shops,
          kennysheep_little_box, chequers_hall_statues_corner_a,
          minmay_misc_feat_more_columns, minmay_librarian
Temple:   hellmonk_temple_micro_hex
Abyss:2:  base:
Temple

Skill      XL: |  1  2  3  4  5  6  7  8  9 10 |
---------------+-------------------------------+-----
Fighting       | 1 2 3 4 5 6 |  6.2
Spellcasting   | 4 5 6 7 9 11 12 | 12.8
Dodging        | 3 4 5 6 7 8 |  8.4
Summonings     | 5 6 7 8 9 |  9.3
Air Magic      | 2 3 4 |  4.5
Staves         | 1 3 |  3.6
Stealth        | |  2.5

Action                     |  1- 3 |  4- 6 |  7- 9 | 10-12 || total
---------------------------+-------+-------+-------+-------++-------
  Melee: Unarmed           |     1 |       |       |       ||     1
         Short sword       |     9 |    11 |    26 |       ||    46
         Staff             |       |       |     2 |     1 ||     3
   Cast: Summon Small Mamm |    32 |    17 |     9 |       ||    58
         Call Imp          |     9 |    21 |    16 |     6 ||    52
         Call Canine Famil |       |    15 |    41 |    23 ||    79
         Summon Guardian G |       |       |    27 |    11 ||    38
         Summon Lightning  |       |       |    33 |    30 ||    63
    Use: Scroll            |       |       |    11 |     7 ||    18
   Stab: Distracted        |       |     2 |     1 |       ||     3
         Sleeping          |       |     2 |       |       ||     2
 Armour: Robe              |     7 |     3 |     9 |     4 ||    23
  Dodge: Dodged            |    39 |    11 |   109 |    52 ||   211

Table legend: (Time is in decaauts)
 A = Elapsed time spent in this place.
 B = Non-inter-level travel time spent in this place.
 C = Inter-level travel time spent in this place.
 D = Time resting spent in this place.
 E = Time spent auto-exploring this place.
 F = Levels seen in this place.
 G = Mean time per level.
                   A        B        C        D        E       F      G
               +--------+--------+--------+--------+--------+-----+--------+
         Total |  11581 |  11050 |    531 |    749 |   8257 |  13 |  890.8 |
       Dungeon |  10833 |  10316 |    517 |    730 |   7828 |  10 | 1083.3 |
        Temple |     14 |      1 |     13 |      0 |      0 |   1 |   14.0 |
         Abyss |     79 |     79 |      0 |      0 |      0 |   1 |   79.0 |
        Bailey |    652 |    652 |      0 |     19 |    429 |   1 |  652.0 |
               +--------+--------+--------+--------+--------+-----+--------+

Top non-repeatable levels by time:
     D:1: 1721 daAuts
     D:5: 1619 daAuts
     D:6: 1554 daAuts
     D:3: 1188 daAuts
     D:4: 1182 daAuts
     D:9: 979 daAuts
     D:8: 785 daAuts
     D:2: 685 daAuts
  Bailey: 652 daAuts
     D:7: 627 daAuts
    D:10: 489 daAuts
 Abyss:2: 79 daAuts
  Temple: 14 daAuts
